 Dungeon Crawl Stone Soup version 0.31-a0-149-g3fdcc5976a (webtiles) character file.

Game seed: 2271171216826572556

732 jasper the Digger (level 7, -2/36 HPs)
             Began as a Gargoyle Earth Elementalist on June 7, 2023.
             Slain by a gnoll bouda
             ... wielding a +0 club
              (6 damage)
             ... on level 5 of the Dungeon.
             The game lasted 00:06:15 (3851 turns).

jasper the Digger (Gargoyle Earth Elementalist)     Turns: 3851, Time: 00:06:15

Health: -2/36      AC:  7    Str: 12    XL:     7   Next: 73%
Magic:  5/14       EV: 11    Int: 17    God:
Gold:   180        SH:  0    Dex: 10    Spells: 5/15 levels left

rFire   + . .        y - +0 quarterstaff (speed)
rCold   . . .        (shield currently unavailable)
rNeg    + + .        a - +0 robe
rPois   ∞            h - +0 helmet
rElec   +            (no cloak)
rCorr   .            (no gloves)
SInv    .            (no boots)
Will    .....        g - amulet of regeneration
Stlth   ++           c - ring of positive energy
HPRegen 1.06/turn    j - ring of protection from fire
MPRegen 0.14/turn

%: no passive effects
@: weakened
A: sickness immunity, AC +4, negative energy resistance 1, electricity
resistance, torment resistance 1, petrification resistance
a: no special abilities


You were on level 5 of the Dungeon.
You visited 1 branch of the dungeon, and saw 5 of its levels.

You collected 243 gold pieces.
You spent 63 gold pieces at shops.

Inventory:

Hand Weapons
 e - a +0 short sword
 f - a +2 dagger of venom
 y - a +0 quarterstaff of speed (weapon)
Missiles
 d - 4 poisoned darts
Armour
 a - a +0 robe (worn)
 h - a +0 helmet (worn)
 x - a +0 buckler
Magical Staves
 s - a staff of air
Jewellery
 c - a ring of positive energy (left hand)
 g - an amulet of regeneration (around neck)
 j - a ring of protection from fire (right hand)
 A - a ring of resist corrosion
Wands
 i - a wand of iceblast (8)
Scrolls
 r - a scroll of teleportation
 u - a scroll of enchant weapon {unknown}
 v - a scroll of fog
 w - a scroll of identify
Potions
 b - a potion of magic
 k - 2 potions of haste {unknown}
 l - a potion of degeneration
 m - 2 potions of curing
 n - 2 potions of brilliance {unknown}
 o - a potion of mutation {unknown}
 p - 2 potions of might {unknown}
 q - 2 potions of heal wounds {unknown}
 t - a potion of lignification {unknown}
 z - 2 potions of enlightenment {unknown}


   Skills:
 - Level 1.5 Dodging
 - Level 2.1 Stealth
 + Level 4.9 Spellcasting
 - Level 0.7 Transmutations
 - Level 6.3 Earth Magic
 + Level 4.7 Poison Magic


You had 5 spell levels left.
You knew the following spells:

 Your Spells              Type           Power      Damage    Failure   Level
a - Sandblast             Erth           50%        2d12      1%          1
b - Passwall              Tmut/Erth      13%        N/A       4%          2
c - Olgreb's Toxic Radia  Pois           20%        N/A       21%         4
d - Stone Arrow           Conj/Erth      30%        3d8       12%         3

Your spell library contained the following spells:

 Spells                   Type           Power      Damage    Failure   Level
 Sting                    Tmut/Pois      52%        1d5       4%          1
 Poisonous Vapours        Pois/Air       24%        N/A       9%          2
 Ensorcelled Hibernation  Hex/Ice        8%         N/A       22%         2
 Petrify                  Tmut/Erth      16%        N/A       32%         4
 Dazzling Flash           Conj/Hex       8%         N/A       41%         3
 Swiftness                Air            4%         N/A       41%         3
 Volatile Blastmotes      Fire/Tloc      8%         2d10      41%         3
 Iskenderun's Mystic Bla  Conj/Tloc      4%         2d3       82%         4
 Starburst                Conj/Fire      2%         6d3       100%        6


Dungeon Overview and Level Annotations

Branches:
Dungeon (5/15)
 Temple: D:4-7

Altars:

Shops:
D:4 [


Innate Abilities, Weirdness & Mutations

You are immune to sickness and miasma.
Your stone body is resilient. (AC +4)
You are immune to poison.
You resist negative energy. (rN+)
You are resistant to electric shocks. (rElec)
You are resistant to unholy torment.
You are immune to petrification.


Message History

The blast of sand hits the gnoll.
The gnoll is heavily wounded.
The gnoll looks more healthy.
The gnoll closely misses you. The gnoll hits you but does no damage.
The gnoll hits you with a +0 club. The gnoll hits you with a +0 whip.
You take 7 damage, and have 28/36 hp.
You now have 8/14 mp.
Aiming: Sandblast (safe; 1% risk of failure)
Press: ? - help, Q - select action, (/) - cycle Shift-Dir - straight line, f/p - gnoll
Aim: a gnoll, wielding a +0 whip and wearing a +0 leather armour (heavily wounded, covering ground quickly, very poisoned, 85% to hit)
The blast of sand hits the gnoll.
You kill the gnoll!
The gnoll hits you from afar with a +0 halberd.
The gnoll hits you with a +0 club. The gnoll barely misses you.
The gnoll hits you with a +0 flail. The gnoll hits you with a +0 club.
You take 16 damage, and have 12/36 hp.
MASSIVE DAMAGE!!
You now have 7/14 mp.
Aiming: Sandblast (safe; 1% risk of failure)
Press: ? - help, Q - select action, (/) - cycle Shift-Dir - straight line, f - gnoll
Aim: a gnoll, wielding a +0 flail (heavily wounded, covering ground quickly, very poisoned, 85% to hit)
The blast of sand hits the gnoll.
You kill the gnoll!
The gnoll bouda gazes fiercely through you!
You feel your attacks grow feeble.
The gnoll hits you from afar with a +0 halberd.
* * * LOW HITPOINT WARNING * * *
The gnoll hits you with a +0 club.
* * * LOW HITPOINT WARNING * * *
The gnoll bouda barely misses you.
You take 8 damage, and have 4/36 hp.
MASSIVE DAMAGE!!
You now have 6/14 mp.
Aiming: Sandblast (safe; 1% risk of failure)
Press: ? - help, Q - select action, (/) - cycle Shift-Dir - straight line, f - gnoll bouda
Aim: a gnoll bouda, wielding a +0 club and wearing a +0 chain mail (heavily wounded, poisoned, 90% to hit)
The blast of sand hits the gnoll bouda but does no damage.
The gnoll bouda is heavily wounded.
The gnoll looks more healthy.
The gnoll barely misses you. The gnoll hits you with a +0 club.
* * * LOW HITPOINT WARNING * * *
The gnoll bouda gazes fiercely through you!
You feel as though you will be weak longer.
The gnoll bouda hits you with a +0 club.
You die...

..........## ###..# #...
)..........## ##.## #...
............# #..# #...
.....).....# #..##....
..........# ##..#....
..........# #..#....
.........g## #.......
.........gg# ##..#####
.........)@#### ##.....##
..............####.##....##
...#####..........####.....
### ###.......## #.....
###....## #..... ####.#
##.... .## #.... #. #....
## ###..


You could see a gnoll bouda (poisoned) and 2 gnolls.

Vanquished Creatures
  2 black bears (D:5)
  An ice beast (D:4)
  2 scorpions (D:5)
  A hound (D:4)
  2 jellies (D:4)
  A gnoll bouda (D:4)
  An orc wizard (D:3)
  8 gnolls
  3 adders
  2 dart slugs
  18 orcs
  6 bats
  6 endoplasms
  5 giant cockroaches
  5 goblins
  7 hobgoblins
  5 kobolds
  A quokka (D:4)
  7 ball pythons
  4 frilled lizards
  5 rats
92 creatures vanquished.

Notes
Turn   | Place    | Note
-------+----------+-------------------------------------------
     0 | D:1      | jasper the Gargoyle Earth Elementalist began the quest for
                  | the Orb.
     0 | D:1      | Reached XP level 1. HP: 10/10 MP: 3/3
   165 | D:1      | Reached skill level 4 in Earth Magic
   233 | D:1      | Reached XP level 2. HP: 15/15 MP: 1/5
  1120 | D:2      | Reached XP level 3. HP: 17/19 MP: 1/6
  1198 | D:2      | Reached skill level 5 in Earth Magic
  1412 | D:2      | Identified the +3 hand axe of Ruananoy {heavy, Fragile
                  | rElec rCorr Int+2}
  1816 | D:3      | Reached skill level 6 in Earth Magic
  1816 | D:3      | Reached XP level 4. HP: 24/24 MP: 2/7
  1819 | D:3      | Learned a level 2 spell: Passwall
  1955 | D:3      | Learned a level 4 spell: Olgreb's Toxic Radiance
  2427 | D:3      | Found a faded altar of an unknown god.
  2798 | D:4      | Reached skill level 1 in Poison Magic
  2798 | D:4      | Reached XP level 5. HP: 28/28 MP: 5/8
  3126 | D:4      | Found Sastrecoic's Armour Shop.
  3132 | D:4      | Reached XP level 6. HP: 32/32 MP: 5/10
  3206 | D:4      | Bought a +0 buckler for 63 gold pieces
  3398 | D:4      | Noticed an ice beast
  3404 | D:4      | Killed an ice beast
  3515 | D:5      | Entered Level 5 of the Dungeon
  3563 | D:5      | Reached XP level 7. HP: 31/36 MP: 7/13
  3620 | D:5      | Learned a level 3 spell: Stone Arrow
  3851 | D:5      | Slain by a gnoll bouda

Illustrated notes

Levels and vault maps discovered:
D:1:      dpeg_arrival_connections, layout_loops_ring
D:2:      layout_loops_cross, minmay_misc_feat_rows
D:3:      layout_loops_ring, shapermc_ecumenical_altar_venn,
          amcnicky_mini_rare_corridor_liquid, minmay_misc_feat_secret_circle,
          minmay_between
D:4:      layout_rooms, serial_shops, shop
D:5:      layout_cave_pods

Skill      XL: |  1  2  3  4  5  6  7 |
---------------+----------------------+-----
Earth Magic    | 4 6 |  6.3
Poison Magic   | 1 2 3 4 |  4.7
Spellcasting   | 3 4 |  4.9
Dodging        | |  1.5
Stealth        | |  2.1
Transmutations | |  0.7

Action                     |  1- 3 |  4- 6 |  7- 9 || total
---------------------------+-------+-------+-------++-------
  Melee: Dagger            |       |    24 |       ||    24
   Cast: Sandblast         |    46 |    79 |    18 ||   143
         Olgreb's Toxic Ra |       |       |     1 ||     1
  Evoke: Wand              |       |     3 |       ||     3
    Use: Scroll            |     2 |     5 |       ||     7
 Armour: Robe              |     3 |    21 |     3 ||    27
  Dodge: Dodged            |     5 |    42 |     9 ||    56

Table legend: (Time is in decaauts)
 A = Elapsed time spent in this place.
 B = Non-inter-level travel time spent in this place.
 C = Inter-level travel time spent in this place.
 D = Time resting spent in this place.
 E = Time spent auto-exploring this place.
 F = Levels seen in this place.
 G = Mean time per level.
                   A        B        C        D        E       F      G
               +--------+--------+--------+--------+--------+-----+--------+
         Total |   3918 |   3817 |    101 |     84 |   3165 |   5 |  783.6 |
       Dungeon |   3918 |   3817 |    101 |     84 |   3165 |   5 |  783.6 |
               +--------+--------+--------+--------+--------+-----+--------+

Top non-repeatable levels by time:
     D:1: 1011 daAuts
     D:3: 911 daAuts
     D:4: 876 daAuts
     D:2: 774 daAuts
     D:5: 345 daAuts
